SNL (28 & UNDER)
KEY WEST BARRACUDAS @ MONTGOMERY BISCUITS
06/21/2026
 
TOP OF THE 1ST
Key West Barracudas batting - Pitching for Montgomery Biscuits : RHP Ken Lyons
Pitching: RHP Ken Lyons
Batting: SHB Rodney Birling 0-0: Ball
1-0: Ball
2-0: Ball
3-0: Called Strike
3-1: Base on Balls
Batting: RHB Chris Adams 0-0: Grounds into double play, 1-6-3 (Groundball, 13S)
Batting: RHB Anastasio Villa 0-0: Ball
1-0: Foul Ball, location: 2F
1-1: Foul Ball, location: 2F
1-2: Ball
2-2: Foul Ball, location: 2F
2-2: Strikes out swinging
Top of the 1st over - 0 run(s), 0 hit(s), 0 error(s), 0 left on base; Key West 0 - Montgomery 0
BOTTOM OF THE 1ST
Montgomery Biscuits batting - Pitching for Key West Barracudas : RHP Cade Baird
Pitching: RHP Cade Baird
Batting: RHB Carlos Vásquez 0-0: Foul Ball, location: 2F
0-1: Foul Ball, location: 2F
0-2: Ball
1-2: Foul Ball, location: 2F
1-2: Ball
2-2: Strikes out looking
Batting: SHB Jack Estes 0-0: Ball
1-0: Ball
2-0: Foul Ball, location: 2F
2-1: SOLO HOME RUN (Flyball, 9D), Distance : 385 ft
Batting: RHB Yujiro Kurihara 0-0: Ball
1-0: Foul Ball, location: 2F
1-1: Swinging Strike
1-2: Foul Ball, location: 2F
1-2: Ball
2-2: Foul Ball, location: 2F
2-2: DOUBLE (Line Drive, 9LS)
Batting: RHB Juan Díaz 0-0: Fly out, F8 (Flyball, 8RS)
Batting: LHB Curt Walker 0-0: Ball
1-0: Ball
2-0: Ball
3-0: Called Strike
3-1: Foul Ball, location: 2F
3-2: Foul Ball, location: 2F
3-2: Base on Balls
Batting: RHB Peyton Yardley 0-0: Ball
1-0: Called Strike
1-1: Called Strike
1-2: Ground out 5-3 (Groundball, 56)
Bottom of the 1st over - 1 run(s), 2 hit(s), 0 error(s), 2 left on base; Key West 0 - Montgomery 1
TOP OF THE 2ND
Key West Barracudas batting - Pitching for Montgomery Biscuits : RHP Ken Lyons
Batting: LHB Domingo Ledesma 0-0: DOUBLE (Line Drive, 89M)
Batting: LHB Daniel Byrd 0-0: DOUBLE (Line Drive, 7LM)
Domingo Ledesma scores
Batting: LHB Víctor Acevedo 0-0: Called Strike
0-1: Foul Ball, location: 2F
0-2: Ball
1-2: Ball
2-2: Ball
3-2: Ground out 5-3 (Groundball, 56S)
Daniel Byrd to third
Batting: RHB Carlos Miranda 0-0: Ball
1-0: Called Strike
1-1: Fly out, F8 (Flyball, 8RS)
Batting: RHB Dan Craft 0-0: Called Strike
0-1: Ground out 6-3 (Groundball, 6M)
Top of the 2nd over - 1 run(s), 2 hit(s), 0 error(s), 1 left on base; Key West 1 - Montgomery 1
BOTTOM OF THE 2ND
Montgomery Biscuits batting - Pitching for Key West Barracudas : RHP Cade Baird
Batting: RHB Warren Martin 0-0: Ball
1-0: Ball
2-0: Ball
3-0: Base on Balls
Batting: LHB Brian MacIntosh 0-0: Swinging Strike
0-1: Ball
1-1: Ball
2-1: Swinging Strike
2-2: Ball
3-2: Strikes out swinging
Batting: SHB Tony Echevarría 0-0: Ball
1-0: Ball
2-0: Fly out, F7 (Flyball, 78M)
Batting: RHB Carlos Vásquez 0-0: Ball
Warren Martin is caught stealing 2nd base
Bottom of the 2nd over - 0 run(s), 0 hit(s), 0 error(s), 0 left on base; Key West 1 - Montgomery 1
TOP OF THE 3RD
Key West Barracudas batting - Pitching for Montgomery Biscuits : RHP Ken Lyons
Batting: LHB Motoki Hirata 0-0: Called Strike
0-1: Foul Ball, location: 2F
0-2: Ball
1-2: Reached on error, E2 (Groundball, 2R)
Batting: SHB Rodney Birling 0-0: Fielders Choice at 2nd, 5-4 (Groundball, 56)
Batting: RHB Chris Adams 0-0: Ball
1-0: Ball
2-0: Called Strike
2-1: Swinging Strike
2-2: Ball
3-2: Foul Ball, location: 2F
3-2: Foul Ball, location: 2F
3-2: Fly out, F4 (Line Drive, 4)
3-2: Lined into DP, 4-3 (Line Drive, 4)
Top of the 3rd over - 0 run(s), 0 hit(s), 1 error(s), 0 left on base; Key West 1 - Montgomery 1
BOTTOM OF THE 3RD
Montgomery Biscuits batting - Pitching for Key West Barracudas : RHP Cade Baird
Batting: RHB Carlos Vásquez 0-0: Called Strike
0-1: Foul Ball, location: 2F
0-2: Ball
1-2: Strikes out looking
Batting: SHB Jack Estes 0-0: Ball
1-0: Swinging Strike
1-1: Foul Ball, location: 2F
1-2: Ball
2-2: Strikes out swinging
Batting: RHB Yujiro Kurihara 0-0: Called Strike
0-1: Fly out, F8 (Flyball, 8RS)
Bottom of the 3rd over - 0 run(s), 0 hit(s), 0 error(s), 0 left on base; Key West 1 - Montgomery 1
TOP OF THE 4TH
Key West Barracudas batting - Pitching for Montgomery Biscuits : RHP Ken Lyons
Batting: RHB Anastasio Villa 0-0: Called Strike
0-1: Ball
1-1: Called Strike
1-2: Foul Ball, location: 2F
1-2: Foul Ball, location: 2F
1-2: Ball
2-2: SOLO HOME RUN (Flyball, 7D), Distance : 383 ft
Batting: LHB Domingo Ledesma 0-0: Ball
1-0: Ball
2-0: Swinging Strike
2-1: Foul Ball, location: 2F
2-2: Strikes out looking
Batting: LHB Daniel Byrd 0-0: Called Strike
0-1: Ball
1-1: Fly out, F9 (Flyball, 89M)
Batting: LHB Víctor Acevedo 0-0: Ball
1-0: Foul Ball, location: 2F
1-1: Ball
2-1: SINGLE (Groundball, 34D)
Batting: RHB Carlos Miranda 0-0: Ball
1-0: Ground out 5-3 (Groundball, 5S)
Top of the 4th over - 1 run(s), 2 hit(s), 0 error(s), 1 left on base; Key West 2 - Montgomery 1
BOTTOM OF THE 4TH
Montgomery Biscuits batting - Pitching for Key West Barracudas : RHP Cade Baird
Batting: RHB Juan Díaz 0-0: Called Strike
0-1: Ground out 6-3 (Groundball, 6)
Batting: LHB Curt Walker 0-0: Ball
1-0: Called Strike
1-1: Ground out 5-3 (Groundball, 56S)
Batting: RHB Peyton Yardley 0-0: Called Strike
0-1: Ball
1-1: Ball
2-1: Swinging Strike
2-2: Strikes out swinging
Bottom of the 4th over - 0 run(s), 0 hit(s), 0 error(s), 0 left on base; Key West 2 - Montgomery 1
TOP OF THE 5TH
Key West Barracudas batting - Pitching for Montgomery Biscuits : RHP Ken Lyons
Batting: RHB Dan Craft 0-0: Fly out, F8 (Flyball, 8RS)
Batting: LHB Motoki Hirata 0-0: Called Strike
0-1: Swinging Strike
0-2: Ground out U3 (Groundball, 3)
Batting: SHB Rodney Birling 0-0: Fly out, F6 (Popup, 6)
Top of the 5th over - 0 run(s), 0 hit(s), 0 error(s), 0 left on base; Key West 2 - Montgomery 1
BOTTOM OF THE 5TH
Montgomery Biscuits batting - Pitching for Key West Barracudas : RHP Cade Baird
Batting: RHB Warren Martin 0-0: Ball
1-0: Swinging Strike
1-1: Foul Ball, location: 2F
1-2: Ball
2-2: Foul Ball, location: 2F
2-2: Foul Ball, location: 2F
2-2: Ball
3-2: Fly out, F8 (Flyball, 8LD)
Batting: LHB Brian MacIntosh 0-0: Called Strike
0-1: Fly out, F9 (Flyball, 9LM)
Batting: SHB Tony Echevarría 0-0: Ball
1-0: Ball
2-0: Ground out 4-3 (Groundball, 4M)
Bottom of the 5th over - 0 run(s), 0 hit(s), 0 error(s), 0 left on base; Key West 2 - Montgomery 1
TOP OF THE 6TH
Key West Barracudas batting - Pitching for Montgomery Biscuits : RHP Ken Lyons
Batting: RHB Chris Adams 0-0: Called Strike
0-1: Foul Ball, location: 2F
0-2: Foul Ball, location: 2F
0-2: Ball
1-2: Foul Ball, location: 2F
1-2: Foul Ball, location: 2F
1-2: Strikes out swinging
Batting: RHB Anastasio Villa 0-0: Called Strike
0-1: Ball
1-1: Ball
2-1: SINGLE (Line Drive, 78S)
Batting: LHB Domingo Ledesma 0-0: Ball
1-0: Ball
2-0: SINGLE (Flyball, 8LS)
Anastasio Villa to second
Runner from 2nd tries for 3rd, SAFE, throw made to third
Domingo Ledesma to second
Batting: LHB Daniel Byrd 0-0: Intentional Walk
Batting: LHB Víctor Acevedo 0-0: Fly out, F7 (Line Drive, 78M)
Runner from 3rd tags up, OUT at HOME
Top of the 6th over - 0 run(s), 2 hit(s), 0 error(s), 2 left on base; Key West 2 - Montgomery 1
BOTTOM OF THE 6TH
Montgomery Biscuits batting - Pitching for Key West Barracudas : RHP Cade Baird
Batting: RHB Carlos Vásquez 0-0: Foul Ball, location: 2F
0-1: Ball
1-1: Ball
2-1: Fly out, F7 (Flyball, 78XD)
Batting: SHB Jack Estes 0-0: Foul Ball, location: 2F
0-1: Ball
1-1: Ball
2-1: Foul Ball, location: 2F
2-2: Foul Ball, location: 2F
2-2: Ball
3-2: Base on Balls
Pitching: RHP Gabe Lewis
Batting: RHB Yujiro Kurihara 0-0: SINGLE (Groundball, 34D)
Jack Estes to second
Runner from 2nd tries for 3rd, SAFE, throw made to third
Batting: RHB Juan Díaz 0-0: Called Strike
0-1: Fly out, F7 (Line Drive, 7LM)
Runner from 3rd tags up, SCORES, throw made
Batting: LHB Curt Walker 0-0: Ball
1-0: Foul Ball, location: 2F
1-1: Called Strike
1-2: Ball
2-2: Strikes out swinging
Bottom of the 6th over - 1 run(s), 1 hit(s), 0 error(s), 1 left on base; Key West 2 - Montgomery 2
TOP OF THE 7TH
Key West Barracudas batting - Pitching for Montgomery Biscuits : RHP Ken Lyons
Pinch Hitting: RHB Edward Holloway 0-0: Called Strike
0-1: Ball
1-1: Ball
2-1: Ball
3-1: Ground out 6-3 (Groundball, 6)
Batting: RHB Dan Craft 0-0: Swinging Strike
0-1: Ball
1-1: Ground out 6-3 (Groundball, 6)
Batting: LHB Motoki Hirata 0-0: SINGLE (Groundball, 34) (infield hit)
Pinch Hitting: RHB Joe Bailey 0-0: Called Strike
0-1: Ball
1-1: Ball
2-1: Foul Ball, location: 2F
2-2: Ball
3-2: Base on Balls
Motoki Hirata to second
Pitching: RHP Rick Grant
Batting: RHB Chris Adams 0-0: Called Strike
0-1: Swinging Strike
0-2: Foul Ball, location: 2F
0-2: Strikes out swinging
Top of the 7th over - 0 run(s), 1 hit(s), 0 error(s), 2 left on base; Key West 2 - Montgomery 2
BOTTOM OF THE 7TH
Montgomery Biscuits batting - Pitching for Key West Barracudas : RHP Gabe Lewis
Now at SS: Richard Sanders
Now in CF: Edward Holloway
Batting: RHB Peyton Yardley 0-0: Called Strike
0-1: Ball
1-1: Ball
2-1: SOLO HOME RUN (Flyball, 7LD), Distance : 339 ft
Batting: RHB Warren Martin 0-0: Ball
1-0: Ball
2-0: Foul Ball, location: 2F
2-1: Swinging Strike
2-2: Foul Ball, location: 2F
2-2: Foul Ball, location: 2F
2-2: Strikes out looking
Batting: LHB Brian MacIntosh 0-0: Ball
1-0: SINGLE (Line Drive, 4M)
Batting: SHB Tony Echevarría 0-0: Ball
Brian MacIntosh steals 2nd base
1-0: Swinging Strike
1-1: Ground out 4-3 (Groundball, 4)
Brian MacIntosh to third
Batting: RHB Carlos Vásquez 0-0: Called Strike
0-1: Ball
1-1: Swinging Strike
1-2: Foul Ball, location: 2F
1-2: Ball
2-2: Strikes out swinging
Bottom of the 7th over - 1 run(s), 2 hit(s), 0 error(s), 1 left on base; Key West 2 - Montgomery 3
TOP OF THE 8TH
Key West Barracudas batting - Pitching for Montgomery Biscuits : RHP Rick Grant
Batting: RHB Anastasio Villa 0-0: Ground out 5-3 (Groundball, 56)
Batting: LHB Domingo Ledesma 0-0: Ball
1-0: Ball
2-0: Foul Ball, location: 2F
2-1: Ball
3-1: Base on Balls
Batting: LHB Daniel Byrd 0-0: Foul Ball, location: 2F
0-1: Ball
1-1: Called Strike
1-2: Ball
2-2: Strikes out swinging
Batting: LHB Víctor Acevedo 0-0: Ball
1-0: Called Strike
1-1: Ball
2-1: Fly out, F5 (Popup, 5SF)
Top of the 8th over - 0 run(s), 0 hit(s), 0 error(s), 1 left on base; Key West 2 - Montgomery 3
BOTTOM OF THE 8TH
Montgomery Biscuits batting - Pitching for Key West Barracudas : RHP Gabe Lewis
Batting: SHB Jack Estes 0-0: Ball
1-0: Foul Ball, location: 2F
1-1: Ball
2-1: Ball
3-1: Base on Balls
Batting: RHB Yujiro Kurihara 0-0: Ball
Jack Estes steals 2nd base
1-0: Ball
2-0: Called Strike
2-1: Foul Ball, location: 2F
2-2: Strikes out swinging
Pitching: RHP George Bennion
Batting: RHB Juan Díaz 0-0: Ball
1-0: SINGLE (Groundball, 6D)
Jack Estes to third
Runner from 3rd tries for Home, SAFE, throw made home
Juan Díaz to second
Batting: LHB Curt Walker 0-0: Intentional Walk
Batting: RHB Peyton Yardley 0-0: Called Strike
0-1: Called Strike
0-2: Strikes out swinging
Batting: RHB Warren Martin 0-0: Ball
1-0: Swinging Strike
1-1: Foul Ball, location: 2F
1-2: Ball
2-2: Ball
3-2: Foul Ball, location: 2F
3-2: Strikes out swinging
Bottom of the 8th over - 1 run(s), 1 hit(s), 0 error(s), 2 left on base; Key West 2 - Montgomery 4
TOP OF THE 9TH
Key West Barracudas batting - Pitching for Montgomery Biscuits : RHP Rick Grant
Pitching: RHP Félix Andrade
Now at 2B: Dave Williams
Batting: RHB Edward Holloway 0-0: Ball
1-0: Ball
2-0: Called Strike
2-1: Ball
3-1: Foul Ball, location: 2F
3-2: Strikes out swinging
Batting: RHB Dan Craft 0-0: Foul Ball, location: 2F
0-1: Ball
1-1: Called Strike
1-2: Strikes out swinging
Batting: LHB Motoki Hirata 0-0: Ball
1-0: Fly out, F5 (Popup, 5F)
Top of the 9th over - 0 run(s), 0 hit(s), 0 error(s), 0 left on base; Key West 2 - Montgomery 4
Monday, December 5th, 2016 - OOTP Baseball 17.12 Build 75